 Dungeon Crawl Stone Soup version 0.31-a0-1370-gf52a5a9ab3 (webtiles) character file.

Game seed: 4063128564674497281

4475 JaaP the Cleaver (level 10, 0/91 HPs)
             Began as a Hill Orc Delver on Dec 23, 2023.
             Was a Believer of Uskayaw.
             Slain by a +4 quarterstaff of electrocution (7 damage)
             ... created by the rancor of the Wu Jian Council
             ... on level 8 of the Dungeon.
             The game lasted 00:18:35 (9882 turns).

JaaP the Cleaver (Hill Orc Delver)                  Turns: 9882, Time: 00:18:36

Health: 0/91       AC: 11    Str: 20    XL:     10   Next: 38%
Magic:  8/11       EV: 12    Int: 10    God:    Uskayaw [**....]
Gold:   412        SH:  4    Dex: 12    Spells: 9/9 levels left

rFire   . . .        w - +0 war axe
rCold   . . .        N - +0 buckler
rNeg    . . .        O - +2 ring mail {Will+}
rPois   .            Q - +0 hat
rElec   .            y - scarf {repulsion}
rCorr   .            z - +0 pair of gloves
SInv    .            h - +0 pair of boots
Will    ++...        u - amulet of magic regeneration
Stlth   ++           i - ring of willpower
HPRegen 0.35/turn    (no ring)
MPRegen 0.52/turn

%: repel missiles
@: no status effects
A: no striking features
a: Renounce Religion, Stomp, Line Pass


You were on level 8 of the Dungeon.
You worshipped Uskayaw.
Uskayaw was noncommittal.
You visited 2 branches of the dungeon, and saw 9 of its levels.

You collected 412 gold pieces.

Inventory:

Hand Weapons
 a - a +0 hand axe
 e - the +5 sling of Saltpetre {freeze, *Slow +Blink rC+++ Str+2}
   (You found it on level 5 of the Dungeon)

   Str+2:     It affects your strength (+2).
   rC+++:     It renders you almost immune to cold.
   +Blink:    It lets you blink.
   *Slow:     It may slow you when you take damage.
 w - a +0 war axe (weapon)
Missiles
 j - a throwing net
 n - 8 boomerangs
 o - 4 poisoned darts (quivered)
 s - 4 javelins
Armour
 b - a +0 leather armour
 h - a +0 pair of boots (worn)
 p - the +0 ring mail of Gownusiv {MP+9 Str+2 Int+5}
   (You found it on level 3 of the Dungeon)

   Str+2:     It affects your strength (+2).
   Int+5:     It affects your intelligence (+5).
   MP+9:      It affects your magic capacity (+9).
 y - a scarf of repulsion (worn)
 z - a +0 pair of gloves (worn)
 L - the +1 helmet "Boopnoi" {+Blink Will+ Str-4 Dex+6}
   (You found it on level 7 of the Dungeon)

   Str-4:     It affects your strength (-4).
   Dex+6:     It affects your dexterity (+6).
   Will+:     It increases your willpower.
   +Blink:    It lets you blink.
 N - a +0 buckler (worn)
 O - a +2 ring mail of willpower (worn)
 Q - a +0 hat (worn)
Jewellery
 i - a ring of willpower (left hand)
 l - a ring of flight
 u - an amulet of magic regeneration (around neck)
 A - a ring of resist corrosion
Wands
 g - a wand of digging (3)
 x - a wand of paralysis (8)
 D - a wand of iceblast (17)
Scrolls
 c - 2 scrolls of fog
 d - a scroll of revelation
 m - 3 scrolls of amnesia
 r - a scroll of noise {unknown}
 t - a scroll of vulnerability {unknown}
 B - 2 scrolls of brand weapon {unknown}
 C - 2 scrolls of teleportation {unknown}
 E - 2 scrolls of enchant weapon
 F - 3 scrolls of immolation
 G - 2 scrolls of poison
 M - a scroll of acquirement {unknown}
 P - a scroll of summoning {unknown}
Potions
 f - 6 potions of haste
 k - a potion of experience {unknown}
 q - 2 potions of degeneration {unknown}
 v - 2 potions of ambrosia
 H - a potion of attraction {unknown}
 I - a potion of enlightenment {unknown}
 J - a potion of heal wounds {unknown}
 K - a potion of curing


   Skills:
 + Level 9.2 Fighting
 + Level 9.6 Axes
 - Level 3.0 Ranged Weapons
 + Level 7.5 Armour
 + Level 6.1 Dodging
 - Level 4.1 Stealth
 + Level 2.1 Shields
 + Level 2.5 Invocations


You had 9 spell levels left.
You didn't know any spells.
Your spell library contained the following spells:

 Spells                   Type           Power      Damage    Failure   Level
 Mephitic Cloud           Conj/Alch/Air  0%         N/A       92%         3
 Vhi's Electric Charge    Tloc/Air       0%         N/A       100%        4
 Eringya's Noxious Bog    Alch           0%         4d6       100%        6


Dungeon Overview and Level Annotations

Branches:
Dungeon (8/15)             Temple (1/1) D:7
   Lair: D:8-11

Altars:
Cheibriados
Dithmenos
Elyvilon
Fedhas
Hepliaklqana
Makhleb
Nemelex Xobeh
Okawaru
Qazlal
Ru
Sif Muna
Trog
Uskayaw
Vehumet
Wu Jian
Yredelemnul

Annotations:
D:7 3 runed translucent doors, MirrMurr's ghost, novice SpHu; Notanamesir's ghost, novice FoHu


Message History

The +4 broad axe of freezing appears confused.
The +4 great sword of flaming appears confused.
The barbed spikes dig painfully into your body as you move.
You can no longer pass through a line of other dancers.
The +4 broad axe of freezing hits the +4 great sword of flaming.
The +4 broad axe of freezing hits itself!
The +4 broad axe of freezing is destroyed!
That felt strangely unrewarding.
You hit the +4 great sword of flaming but do no damage.
The +4 great sword of flaming is lightly damaged.
The +4 great sword of flaming seems less confused.
The +4 great sword of flaming hits you!
The +4 great sword of flaming burns you.
You slash the +4 great sword of flaming!
The +4 great sword of flaming is severely damaged.
The +4 great sword of flaming hits you!
* * * LOW HITPOINT WARNING * * *
The +4 great sword of flaming burns you.
* * * LOW HITPOINT WARNING * * *
You stomp with the beat, sending a shockwave through the revellers around you!
The +4 great sword of flaming is severely damaged.
The +4 quarterstaff of electrocution is heavily damaged.
You can no longer stomp with the beat.
The +4 quarterstaff of electrocution barely misses you.
You can now stomp with the beat.
The barbed spikes dig painfully into your body as you move.
You hit the +4 great sword of flaming.
You destroy the +4 great sword of flaming!
That felt strangely unrewarding.
You can now pass through a line of other dancers.
You closely miss the +4 quarterstaff of electrocution.
The +4 quarterstaff of electrocution is heavily damaged.
You carefully extract the barbed spikes from your body.
You block the +4 quarterstaff of electrocution's attack.
You barely miss the +4 quarterstaff of electrocution.
The +4 quarterstaff of electrocution is moderately damaged.
The +1 glaive of speed hits you from afar!
* * * LOW HITPOINT WARNING * * *
The +4 quarterstaff of electrocution hits you!
You die...

# #.# ###.#.# ..#.#.#
######## #.# ... ........
#.# #.################# #
#.# #..................
#..###.###.......(..........
#......†.((@##########.#####
##.######.###...# ##.#
#.......# ##..#
##.....)####..##
#.##...##...## #.##..###.###
..###.....########
#.###.............. ..
##.###.########


You could see 2 dancing weapons.

Vanquished Creatures
  Gastronok (D:8)
  Pikel (D:6)
  A troll (D:7)
  7 dancing weapons
  Sigmund (D:6)
  Edmund (D:6)
  An ice beast (D:7)
  2 black bears
  4 sky beasts
  2 ogres
  2 centaurs
  A phantom (D:7)
  2 bullfrogs
  A gnoll sergeant (D:7)
  2 scorpions
  3 wights (D:7)
  3 hounds
  2 jellies
  5 orc priests
  A gnoll bouda (D:6)
  2 sleepcaps (D:5)
  3 iguanas
  6 orc wizards
  Ijyb (D:5)
  7 gnolls
  12 adders
  A shadow imp (D:8)
  2 bombardier beetles
  2 white imps
  2 worms
  A dart slug (D:3)
  17 orcs
  8 endoplasms
  2 giant cockroaches
  3 goblins
  4 hobgoblins
  2 jackals (D:3)
  5 ball pythons
  3 bats
  2 frilled lizards (D:3)
  9 kobolds
  2 rats (D:3)
139 creatures vanquished.

Notes
Turn   | Place    | Note
-------+----------+-------------------------------------------
     0 | D:5      | JaaP the Hill Orc Delver began the quest for the Orb.
     0 | D:5      | Reached XP level 1. HP: 19/19 MP: 1/1
     3 | D:5      | Noticed a black bear
    33 | D:5      | Noticed an iguana
    55 | D:5      | Noticed a scorpion
   123 | D:5      | Identified the +5 sling of Saltpetre {freeze, *Slow +Blink
                  | rC+++ Str+2}
   138 | D:4      | Noticed an ogre
   269 | D:4      | Reached XP level 2. HP: 27/27 MP: 2/2
   299 | D:4      | Reached skill level 1 in Ranged Weapons
   299 | D:4      | Reached skill level 1 in Armour
   299 | D:4      | Reached XP level 3. HP: 22/33 MP: 3/3
   307 | D:4      | Reached XP level 4. HP: 29/40 MP: 4/4
   493 | D:3      | Identified the +0 ring mail of Gownusiv {MP+9 Str+2 Int+5}
   684 | D:2      | Found a faded altar of an unknown god.
  1767 | D:2      | Reached XP level 5. HP: 47/47 MP: 5/5
  2815 | D:3      | Found a blossoming altar of Fedhas.
  2816 | D:3      | Found an iron altar of Okawaru.
  3206 | D:4      | Killed an ogre
  3207 | D:4      | Reached skill level 5 in Fighting
  3207 | D:4      | Reached XP level 6. HP: 31/56 MP: 6/6
  3723 | D:5      | Noticed Ijyb
  3735 | D:5      | Killed Ijyb
  3869 | D:5      | Found a radiant altar of Vehumet.
  3986 | D:5      | Got Sochac's Handbook of the Venomous Geodesic
  4017 | D:5      | Reached XP level 7. HP: 61/61 MP: 7/7
  4035 | D:5      | Reached skill level 5 in Axes
  5161 | D:6      | Noticed Sigmund
  5168 | D:6      | Killed Sigmund
  5169 | D:6      | Reached XP level 8. HP: 70/70 MP: 8/8
  5542 | D:6      | Reached skill level 5 in Armour
  5717 | D:6      | Noticed Edmund
  6222 | D:6      | Killed Edmund
  6223 | D:6      | Reached XP level 9. HP: 25/79 MP: 9/9
  6435 | D:6      | Noticed Pikel
  6728 | D:6      | Killed Pikel
  6729 | D:6      | Reached skill level 5 in Dodging
  6968 | D:6      | Found a stormy altar of Qazlal.
  7134 | D:7      | Found a runed translucent gate.
  7136 | D:7      | Found a runed translucent gate.
  7136 | D:7      | Found a runed translucent gate.
  7138 | D:7      | Noticed MirrMurr's ghost (novice SpHu)
  7138 | D:7      | Noticed Notanamesir's ghost (novice FoHu)
  7726 | D:7      | Found a staircase to the Ecumenical Temple.
  7751 | Temple   | Entered the Ecumenical Temple
  7789 | Temple   | Became a worshipper of the Wu Jian Council
  7870 | D:7      | Identified the +1 helmet "Boopnoi" {+Blink Will+ Str-4
                  | Dex+6}
  8225 | D:7      | Found a hide-covered altar of Uskayaw.
  8233 | D:7      | Fell from the grace of Wu Jian
  8234 | D:7      | Became a worshipper of Uskayaw the Reveller
  8356 | D:7      | Noticed a troll
  8359 | D:7      | Reached * piety under Uskayaw
  8360 | D:7      | Reached ** piety under Uskayaw
  8362 | D:7      | Reached *** piety under Uskayaw
  8363 | D:7      | Killed a troll
  8541 | D:7      | Reached **** piety under Uskayaw
  8956 | D:7      | Reached XP level 10. HP: 70/90 MP: 10/10
  9754 | D:8      | Noticed Gastronok
  9790 | D:8      | Killed Gastronok
  9882 | D:8      | Slain by a +4 quarterstaff of electrocution

Illustrated notes

Levels and vault maps discovered:
D:1:      tarquinn_simple_flora_water_f, layout_rooms
D:2:      layout_loops_corners, basic_ecumenical_altar, roderic_roman_lattice,
          chequers_serial_rivers_micro_a
D:3:      layout_loops_cross, mainiacjoe_overflow_divided_tiny,
          minmay_close_crescents
D:4:      layout_rooms
D:5:      nicolae_cairo_tiling_large_dashed, layout_cave_pods, vehumet_crystals,
          kennysheep_generic_room_15, uniq_ijyb
D:6:      layout_rooms, mainiacjoe_overflow_concentric_impassable, uniq_sigmund,
          uniq_edmund, uniq_pikel
D:7:      layout_loops_ring, nicolae_overflow_crystal_walls, temple_statues,
          gammafunk_ghost_cemetery
D:8:      layout_basic, grunt_gozag_statues, dpeg_oklobed_lair, uniq_grum,
          uniq_gastronok, uniq_prince_ribbit1
Temple:   bh_familiar_temple

Skill      XL: |  1  2  3  4  5  6  7  8  9 10 |
---------------+-------------------------------+-----
Axes           | 3 4 6 7 9 |  9.6
Fighting       | 4 5 6 7 8 9 |  9.2
Ranged Weapons | 1 2 3 |  3.0
Armour         | 1 2 3 4 5 7 |  7.5
Dodging        | 2 3 4 5 6 |  6.1
Shields        | 2 |  2.1
Invocations    | 2 |  2.5
Stealth        | |  4.1

Action                     |  1- 3 |  4- 6 |  7- 9 | 10-12 || total
---------------------------+-------+-------+-------+-------++-------
  Melee: Hand axe          |       |       |    45 |       ||    45
         War axe           |       |       |    43 |    76 ||   119
   Fire: Sling             |    27 |   168 |   232 |       ||   427
  Throw: Dart              |       |       |       |     3 ||     3
         Boomerang         |       |       |       |     1 ||     1
 Invoke: Line Pass         |       |       |     1 |     4 ||     5
         Stomp             |       |       |     1 |     1 ||     2
         Renounce Religion |       |       |     1 |       ||     1
  Evoke: Wand              |       |       |     2 |       ||     2
    Use: Scroll            |     1 |       |     4 |       ||     5
         Potion            |       |       |     4 |     1 ||     5
   Stab: Sleeping          |       |       |     1 |     1 ||     2
         Paralysed         |       |       |       |     3 ||     3
 Armour: Leather armour    |     2 |     2 |       |       ||     4
         Ring mail         |       |    60 |   170 |    39 ||   269
  Dodge: Dodged            |     6 |    44 |   112 |    25 ||   187
         Repelled          |       |     1 |       |       ||     1
  Block: Buckler           |       |       |       |    10 ||    10

Table legend: (Time is in decaauts)
 A = Elapsed time spent in this place.
 B = Non-inter-level travel time spent in this place.
 C = Inter-level travel time spent in this place.
 D = Time resting spent in this place.
 E = Time spent auto-exploring this place.
 F = Levels seen in this place.
 G = Mean time per level.
                   A        B        C        D        E       F      G
               +--------+--------+--------+--------+--------+-----+--------+
         Total |  10028 |   9622 |    406 |   4682 |   3555 |   9 | 1114.2 |
       Dungeon |   9964 |   9619 |    345 |   4682 |   3555 |   8 | 1245.5 |
        Temple |     63 |      2 |     61 |      0 |      0 |   1 |   63.0 |
               +--------+--------+--------+--------+--------+-----+--------+

Top non-repeatable levels by time:
     D:7: 2208 daAuts
     D:6: 2022 daAuts
     D:5: 1788 daAuts
     D:3: 1060 daAuts
     D:2: 1027 daAuts
     D:4: 815 daAuts
     D:8: 553 daAuts
     D:1: 488 daAuts
  Temple: 63 daAuts
